Map: Site Delta LE

Players

A.I. 1 (Medium) - Winner!

  • Race: Protoss Protoss
  • Spawn Location: 11:00

IIIIIIlllIII

  • Race: Terran Terran
  • League: Diamond
  • Spawn Location: 5:00

VOD

https://www.youtube.com/watch?v=hgpMwtniDyA

Description

Build for going mass banshee macro in TvP. Extremely strong composition vs all protoss armies.

Time

  • Played on: Jan. 1, 2024, 8:56 p.m.
  • Length: 7:56
Show
View Real Time Build Order
Export as new Build Order

A.I. 1 (Medium) Protoss - Winner!

Build Orders: 1 Gate Expand 

Get SALT Encoding   

  12  0:00  Probe  
  13  0:13  Probe  
  14  0:20  Pylon  
  14  0:25  Probe  
  15  0:34  Probe  
  15  0:42  Probe  
  17  0:51  Gateway  
  17  1:09  Probe  
  17  1:10  Nexus  
  18  1:28  Pylon  
  18  1:30  Assimilator  
  18  1:40  Zealot  
  18  1:42  Cybernetics Core  
  18  1:43  Probe  
  21  1:55  Probe  
  22  2:04  Probe  
  22  2:07  Gateway  
  23  2:14  Assimilator  
  23  2:20  Probe  
  23  2:21  Stalker  
  23  2:22  Pylon  
  25  2:29  Probe  
  26  2:34  Warp Gate  
  26  2:36  Probe  
  28  2:47  Stalker  
  28  2:55  Assimilator  
  30  3:09  Assimilator  
  30  3:11  Adept  
  32  3:16  Probe  
  33  3:21  Probe  
  33  3:24  Probe  
  34  3:33  Probe  
  34  3:34  Probe  
  36  3:36  Robotics Facility  
  37  3:44  Probe  
  37  3:47  Probe  
  39  3:56  Probe  
  39  3:59  Probe  
  41  4:03  Zealot  
  41  4:06  Probe  
  44  4:12  Pylon, Probe  
  44  4:14  Probe  
  45  4:22  Probe x2  
  47  4:26  Stalker  
  47  4:30  Probe  
  51  4:40  Pylon  
  51  4:41  Probe x2  
  53  4:50  Stalker  
  55  4:53  Probe  
  55  4:58  Probe  
  57  5:00  Pylon  
  57  5:04  Immortal  
  57  5:05  Probe  
  58  5:10  Probe  
  63  5:17  Probe  
  63  5:21  Pylon  
  64  5:22  Probe  
  64  5:26  Probe  
  65  5:35  Probe  
  66  5:37  Sentry  
  66  5:40  Forge  
  66  5:41  Probe  
  70  5:43  Pylon  
  70  5:44  Observer, Probe  
  72  5:54  Probe  
  72  5:56  Probe  
  74  6:01  Adept  
  74  6:02  Pylon  
  76  6:04  Observer  
  76  6:05  Pylon  
  76  6:06  Probe  
  76  6:10  Stargate  
  78  6:12  Immortal  
  78  6:15  Twilight Council  
  78  6:16  Photon Cannon  
  78  6:17  Photon Cannon  
  78  6:20  Gateway  
  78  6:25  Forge  
  78  6:29  Photon Cannon  
  82  6:36  Photon Cannon  
  82  6:41  Photon Cannon  
  82  6:48  Immortal  
Show
View Real Time Build Order
Export as new Build Order

IIIIIIlllIII Terran 

Build Orders: Command Center First 

Get SALT Encoding   

  12  0:00  SCV  
  13  0:12  SCV  
  14  0:18  Supply Depot  
  14  0:24  SCV  
  15  0:39  SCV  
  16  0:51  SCV  
  17  1:00  Command Center  
  17  1:04  SCV  
  18  1:12  Barracks  
  18  1:16  SCV  
  19  1:27  Refinery  
  19  1:28  SCV  
  20  1:35  Supply Depot  
  20  1:39  Refinery  
  20  1:40  SCV  
  21  1:52  SCV  
  22  2:02  Bunker, Marine  
  22  2:05  Orbital Command  
  23  2:13  Orbital Command  
  23  2:26  Factory  
  23  2:31  Refinery  
  23  2:34  Refinery  
  23  2:35  SCV  
  24  2:40  SCV  
  24  2:42  Marine  
  26  2:47  SCV  
  27  2:52  SCV  
  28  3:00  SCV  
  28  3:03  Supply Depot  
  28  3:04  SCV  
  30  3:10  Starport  
  30  3:11  Widow Mine  
  30  3:12  SCV  
  33  3:16  SCV  
  34  3:24  SCV  
  34  3:26  Supply Depot  
  35  3:28  SCV, Starport  
  35  3:32  Factory Tech Lab  
  36  3:36  SCV  
  36  3:40  SCV  
  38  3:45  Starport  
  38  3:48  SCV  
  39  3:53  SCV  
  40  3:57  Factory Tech Lab  
  40  3:59  Banshee  
  40  4:00  Cloaking Field, SCV  
  44  4:05  Starport Tech Lab, SCV  
  45  4:12  Supply Depot, SCV  
  47  4:17  SCV, Hyperflight Rotors  
  47  4:23  Banshee  
  50  4:24  SCV  
  50  4:29  Banshee  
  50  4:31  SCV  
  55  4:36  SCV  
  56  4:46  Command Center x2  
  56  4:47  SCV  
  56  4:50  SCV  
  58  4:55  Banshee  
  61  5:00  SCV  
  61  5:04  SCV  
  63  5:09  Engineering Bay  
  63  5:11  Supply Depot  
  63  5:12  SCV  
  63  5:13  Banshee  
  67  5:17  Banshee  
  70  5:22  Supply Depot  
  70  5:32  SCV x2  
  72  5:37  Banshee  
  75  5:44  Missile Turret, SCV x2  
  75  5:45  Supply Depot  
  75  5:46  Missile Turret  
  77  5:56  SCV x2  
  79  5:58  Missile Turret  
  79  5:59  Missile Turret  
  79  6:00  Viking x2, Missile Turret  
  83  6:09  SCV  
  84  6:17  Armory x2, SCV  
  85  6:21  Planetary Fortress, SCV  
  86  6:29  SCV  
  87  6:33  SCV  
  87  6:34  Planetary Fortress  
  88  6:41  SCV, Refinery  
  88  6:43  Missile Turret, Refinery  
  88  6:44  Missile Turret  
  88  6:45  SCV  
  90  6:54  SCV  
  91  6:57  SCV  
  91  6:59  Banshee x3  
  101  7:06  SCV, Starport  
  101  7:07  Starport  
  102  7:09  Command Center  
  102  7:12  Command Center, SCV, Supply Depot  
  102  7:13  SCV x2  
  105  7:21  SCV  
  106  7:24  SCV  
  106  7:25  SCV  
  106  7:29  Factory Tech Lab  
  108  7:33  Starport  
  108  7:35  Supply Depot, Starport  
  108  7:39  Supply Depot  
  108  7:42  Supply Depot  
  108  7:44  SCV x4  
  115  7:53  Starport Tech Lab x2  
Tags
 
Add a new tag
Caveats
  • Supply blocks, unpowered buildings, or Contaminate may cause inaccurate times.
  • Supply counts are checked every 10 seconds.